 Dungeon Crawl Stone Soup version 0.19.4-8-ga85b6b9 (webtiles) character file.

37 Gargoyl the Skirmisher (level 3, -3/33 HPs)
             Began as a Ghoul Abyssal Knight on Feb 11, 2017.
             Was a Follower of Lugonu.
             Slain by Sigmund
             ... wielding a cursed -2 scythe
              (11 damage)
             ... on level 2 of the Dungeon.
             The game lasted 00:04:21 (813 turns).

Gargoyl the Skirmisher (Ghoul Abyssal Knight)        Turns: 813, Time: 00:04:22

Health: -3/33      AC:  4    Str: 23    XL:     3   Next: 41%
Magic:  3/3        EV: 11    Int:  7    God:    Lugonu [*.....]
Gold:   125        SH:  0    Dex:  9    Spells: 0 memorised, 2 levels left

rFire  . . .     SeeInvis .     a - +1 hand axe
rCold  + . .     Gourm    .     b - +0 leather armour
rNeg   + + +     Faith    .     (no shield)
rPois  ∞         Spirit   .     (no helmet)
rElec  .         Reflect  .     (no cloak)
rCorr  .         Harm     .     m - +0 pair of gloves
MR     .....                    (no boots)
Stlth  +.........               e - amulet of magic regeneration
                                (no ring)
                                h - ring of Wupsefir {rPois Str+3}

@: mighty, rotting
A: rotting body, claws 1, carnivore 3, cold resistance 1, negative energy
resistance 3, slow regeneration 1, torment resistance, unbreathing
a: Depart the Abyss, Renounce Religion


You were on level 2 of the Dungeon.
You worshipped Lugonu.
Lugonu was aware of your devotion.
You were not hungry.

You visited 1 branch of the dungeon, and saw 2 of its levels.
You visited the Abyss 1 time.

You collected 125 gold pieces.

Inventory:

Hand Weapons
 a - a +1 hand axe (weapon)
Missiles
 n - 4 tomahawks (quivered)
Armour
 b - a +0 leather armour (worn)
 m - a +0 pair of gloves (worn)
Jewellery
 e - an amulet of magic regeneration (around neck)
 h - the ring of Wupsefir (left hand) {rPois Str+3}
   (You found it on level 2 of the Abyss)

   [ring of strength]

   It affects your strength (+3).
   It protects you from poison.
Scrolls
 g - a scroll of remove curse
 i - a scroll of teleportation
Potions
 j - a potion of might
 l - a potion of curing {unknown}
Comestibles
 c - 2 meat rations
 f - a chunk of flesh
 k - 2 beef jerkies
 o - 2 slices of pizza


   Skills:
 + Level 4.0 Fighting
 + Level 2.0 Axes
 * Level 2.3 Armour
 + Level 1.1 Dodging
 * Level 2.1 Invocations


You had 2 spell levels left.
You didn't know any spells.

Dungeon Overview and Level Annotations

Branches:
Dungeon (2/15)

Altars:
The Shining One

Annotations:
D:2 Sigmund


Innate Abilities, Weirdness & Mutations

Your body is rotting away.
You thrive on raw meat.
You are immune to poison.
You have sharp fingernails.
You are carnivorous and can eat meat at any time.
Your flesh is cold resistant. (rC+)
You are immune to negative energy. (rN+++)
You regenerate slowly when monsters are visible.
You are immune to unholy pain and torment.
You can survive without breathing.


Message History

You barely miss something. Something hits you but does no damage.
It was a potion of might.
You feel very mighty all of a sudden. Something hits you.
You miss something. Something hits you!
You barely miss something. You closely miss something.
Something hits you but does no damage.
You miss something. Something hits you!
* * * LOW HITPOINT WARNING * * *
It was a potion of heal wounds.
You feel much better. Something hits you.
You hit something. You slash something! Something hits you.
You closely miss something.
You hear some strange, mumbled words.
A magic dart appears from out of thin air!
The magic dart hits you!
You hit something but do no damage. Something hits you.
* * * LOW HITPOINT WARNING * * *
You miss something. Something hits you!
You die...

.. #. #. ###.
#... #...
.#.#...#####.###
.......@........
...#..{#.###.###
.#####.###.#####
.......[.........
#########.....##
#.#.#.# #.# # #.#
#.#


There were no monsters in sight!

Vanquished Creatures
  An ooze (D:1)
  3 leopard geckos (D:1)
  3 giant cockroaches
  6 goblins
  4 hobgoblins (D:1)
  2 kobolds (D:1)
  4 bats
  3 frilled lizards
  2 rats
28 creatures vanquished.

Notes
Turn   | Place    | Note
-------+----------+-------------------------------------------
     0 | Abyss:1  | Gargoyl the Ghoul Abyssal Knight began the quest for the Orb.
     0 | Abyss:1  | Reached XP level 1. HP: 19/19 MP: 1/1
   107 | Abyss:2  | Got a coiled marble ring
   108 | Abyss:2  | Identified the ring of Wupsefir {rPois Str+3} (You found it on level 2 of the Abyss)
   162 | Abyss:2  | Noticed a quasit
   166 | Abyss:2  | Noticed a small abomination
   167 | Abyss:2  | Noticed a ynoxinul
   167 | D:1      | Escaped the Abyss
   189 | D:1      | Reached skill level 1 in Dodging
   191 | D:1      | Reached XP level 2. HP: 20/26 MP: 2/2
   387 | D:1      | Reached * piety under Lugonu
   412 | D:1      | Reached XP level 3. HP: 19/33 MP: 3/3
   478 | D:1      | Reached skill level 4 in Fighting
   739 | D:2      | Found a glowing golden altar of the Shining One.
   783 | D:2      | Noticed Sigmund
   813 | D:2      | Slain by Sigmund

Skill      XL: |  1  2  3 |
---------------+----------+-----
Armour         | 2 |  2.3
Dodging        | 1 |  1.1
Axes           | 2 |  2.0
Fighting       | 4 |  4.0
Invocations    | |  2.1

Action                   || total
-------------------------++-------
Melee: Hand axe          ||    80
Invok: Depart the Abyss  ||     1
  Use: Scroll            ||     6
       Potion            ||     2
  Eat: Chunk             ||    18
Armor: Leather armour    ||    29
Dodge: Dodged            ||    56
